 Dungeon Crawl Stone Soup version 0.30-a0-331-g8ab09dc110 (webtiles) character file.

Game seed: 16473400664959782614

1203 themarg the Destroyer (level 8, -2/41 HPs)
             Began as a Gargoyle Conjurer on Oct 29, 2022.
             Was a Follower of Vehumet.
             Slain by Pikel
             ... wielding a +2 whip of freezing
              (3 damage)
             ... on level 6 of the Dungeon.
             The game lasted 00:19:30 (6230 turns).

themarg the Destroyer (Gargoyle Conjurer)           Turns: 6230, Time: 00:19:31

Health: -2/41      AC: 10    Str: 11    XL:     8   Next: 45%
Magic:  4/24       EV: 15    Int: 21    God:    Vehumet [*.....]
Gold:   446        SH:  0    Dex:  8    Spells: 11/17 levels left

rFire   . . .      SeeInvis .    u - +0 dagger (venom)
rCold   . . .      Faith    .    (no shield)
rNeg    + . .      Spirit   .    a - +0 robe
rPois   ∞          Reflect  .    B - +2 helmet
rElec   +          Harm     .    (no cloak)
rCorr   .          Rampage  .    (no gloves)
Will    .....                    (no boots)
Stlth   ++........               (no amulet)
HPRegen 0.26/turn                m - +4 ring of evasion
MPRegen 0.19/turn                A - ring of magical power

@: no status effects
A: sickness immunity, AC +5, negative energy resistance 1, electricity
resistance, torment resistance 1, petrification resistance
a: Renounce Religion


You were on level 6 of the Dungeon.
You worshipped Vehumet.
Vehumet was aware of your devotion.
You visited 2 branches of the dungeon, and saw 7 of its levels.

You collected 446 gold pieces.

Inventory:

Hand Weapons
 u - a +0 dagger of venom (weapon)
 w - a +0 mace of venom
Missiles
 e - 4 boomerangs
 h - 2 javelins
 p - 42 stones
 r - 8 poisoned darts
Armour
 a - a +0 robe (worn)
 B - a +2 helmet (worn)
 C - a +0 pair of boots
 I - a +0 cloak
Jewellery
 m - a +4 ring of evasion (left hand)
 o - a +4 ring of evasion
 A - a ring of magical power (right hand)
 H - a ring of protection from fire
Wands
 z - a wand of mindburst (13)
Scrolls
 d - a scroll of amnesia
 f - 2 scrolls of teleportation
 i - a scroll of noise {unknown}
 l - a scroll of torment {unknown}
 q - 4 scrolls of vulnerability
 t - a scroll of fear {unknown}
 v - 4 scrolls of blinking
 x - a scroll of magic mapping {unknown}
 y - 2 scrolls of immolation
 E - a scroll of brand weapon {unknown}
 F - a scroll of poison {unknown}
 G - a scroll of identify
Potions
 b - a potion of magic
 c - a potion of flight {unknown}
 g - 4 potions of heal wounds
 j - a potion of brilliance {unknown}
 k - 7 potions of curing
 n - 3 potions of might {unknown}
 s - a potion of attraction {unknown}
 D - a potion of mutation {unknown}


   Skills:
 - Level 1.5 Dodging
 - Level 3.0 Stealth
 - Level 5.0 Spellcasting
 + Level 8.8 Conjurations
 + Level 2.5 Hexes
 + Level 2.5 Translocations


You had 11 spell levels left.
You knew the following spells:

 Your Spells              Type           Power      Damage    Failure   Level
a - Magic Dart            Conj           100%       1d8       1%          1
b - Searing Ray           Conj           84%        2d7       1%          2
c - Dazzling Flash        Conj/Hex       58%        N/A       3%          3

Your spell library contained the following spells:

 Spells                   Type           Power      Damage    Failure   Level
 Foxfire                  Conj/Fire      92%        2x1d8     1%          1
 Summon Small Mammal      Summ           20%        N/A       11%         1
 Fulminant Prism          Conj/Hex       14%        3d9       11%         4
 Iskenderun's Mystic Bla  Conj/Tloc      29%        2d7       11%         4
 Summon Guardian Golem    Hex/Summ       10%        N/A       19%         3
 Call Canine Familiar     Summ           5%         N/A       32%         3


Dungeon Overview and Level Annotations

Branches:
Dungeon (6/15)             Temple (1/1) D:4

Altars:
Cheibriados
Dithmenos
Elyvilon
Gozag
Kikubaaqudgha
Makhleb
Nemelex Xobeh
Okawaru
Qazlal
Ru
Sif Muna
Trog
Uskayaw
Vehumet
Wu Jian
Yredelemnul
Zin
The Shining One

Shops:
D:4 =   D:6 [

Annotations:
D:2 1 runed translucent door, Crazy Yiuf
D:4 exclusion: black bear
D:6 Pikel


Innate Abilities, Weirdness & Mutations

You are immune to sickness and miasma.
Your stone body is resilient. (AC +5)
You are immune to poison.
You resist negative energy. (rN+)
You are resistant to electric shocks. (rElec)
You are resistant to unholy torment.
You are immune to petrification.


Message History

The searing ray hits Pikel.
Pikel is severely wounded.
Pikel barely misses you.
The searing ray hits Pikel.
Pikel is almost dead.
Pikel closely misses you.
Your magical contamination has completely faded away.
The searing ray hits Pikel but does no damage.
Pikel is almost dead.
You finish channelling your searing ray.
A lemure comes into view.
Pikel closely misses you.
Casting: Searing Ray (safe; 1% risk of failure)
Confirm with . or Enter, or press ? or * to list all spells.
Aiming: Searing Ray (safe; 1% risk of failure)
Press: ? - help, Shift-Dir - straight line, f/p - Pikel
Aim: Pikel, wielding a +2 whip of freezing, wearing a +0 robe and carrying a wand of mindburst (10) (almost dead, 77% to hit)
The searing ray hits Pikel.
Pikel is almost dead. (Press . to maintain the ray.) Pikel hits you but does no damage.
The searing ray hits Pikel.
Pikel is almost dead.
The searing ray hits the lemure.
The lemure is moderately wounded.
Pikel hits you with a +2 whip of freezing.
* * * LOW HITPOINT WARNING * * *
Pikel freezes you.
* * * LOW HITPOINT WARNING * * *
The searing ray misses Pikel.
The searing ray hits the lemure!
The lemure is heavily wounded.
Pikel closely misses you.
The searing ray misses Pikel.
The searing ray hits the lemure!
The lemure is severely wounded.
You finish channelling your searing ray.
You hear a shout!
Pikel hits you with a +2 whip of freezing.
* * * LOW HITPOINT WARNING * * *
Pikel freezes you.
You die...

.#.......#
.#.......#
##.......#
#.......#########
#.......#.......#
######.##.#####.#
#.##.# #.# #.##.#
#.# #.##.# #@#
#.##.# #K# #....#
#5# ###### #.#
#.#########5
#......5....
############


You could see Pikel and a lemure.

Vanquished Creatures
  2 ice beasts
  A black bear (D:6)
  2 lemures (D:6)
  A phantom (D:6)
  A bullfrog (D:6)
  A scorpion (D:6)
  A bullfrog zombie (D:6)
  A hound (D:5)
  A jelly (D:6)
  A centaur skeleton (D:6)
  An orc priest (D:6)
  2 bullfrog skeletons (D:6)
  2 centaur zombies (D:6)
  3 iguanas
  An orc wizard (D:3)
  2 killer bee zombies (D:6)
  A howler monkey zombie (D:6)
  8 gnolls
  10 adders
  2 ufetubi
  4 worms
  5 dart slugs
  10 orcs
  4 ball pythons
  4 bats
  7 endoplasms
  5 giant cockroaches
  7 goblins
  12 hobgoblins
  3 jackals (D:4)
  3 kobolds (D:4)
  3 quokkas
  2 frilled lizards (D:2)
  6 rats
119 creatures vanquished.

Vanquished Creatures (others)
  3 demonic plants (D:1)
  3 plants (D:1)
  5 toadstools (D:5)
  4 withered plants
15 creatures vanquished.

Grand Total: 134 creatures vanquished

Notes
Turn   | Place    | Note
-------+----------+-------------------------------------------
     0 | D:1      | themarg the Gargoyle Conjurer began the quest for the Orb.
     0 | D:1      | Reached XP level 1. HP: 10/10 MP: 3/3
   255 | D:1      | Found a faded altar of an unknown god.
   275 | D:1      | Reached XP level 2. HP: 15/15 MP: 0/5
   332 | D:1      | Learned a level 2 spell: Searing Ray
   826 | D:1      | You fall into a shaft and drop 1 floor!
   921 | D:2      | Found a runed translucent door.
   922 | D:2      | Noticed Crazy Yiuf
  1049 | D:2      | Reached XP level 3. HP: 19/19 MP: 0/6
  1297 | D:2      | Reached skill level 5 in Conjurations
  1430 | D:2      | Reached XP level 4. HP: 24/24 MP: 3/8
  1787 | D:2      | Reached XP level 5. HP: 28/28 MP: 4/10
  2732 | D:3      | Reached skill level 6 in Conjurations
  3255 | D:4      | Found an iron altar of Okawaru.
  3345 | D:4      | Noticed a black bear
  3382 | D:4      | Reached XP level 6. HP: 32/32 MP: 10/12
  3642 | D:4      | Found Yrirume's Jewellery Boutique.
  4239 | D:4      | Found a staircase to the Ecumenical Temple.
  4244 | Temple   | Entered the Ecumenical Temple
  4396 | Temple   | Became a worshipper of Vehumet
  4528 | D:5      | Entered Level 5 of the Dungeon
  4691 | D:5      | Noticed an ice beast
  4702 | D:5      | Killed an ice beast
  4975 | D:5      | Reached XP level 7. HP: 36/36 MP: 14/14
  5020 | D:5      | Found a glowing golden altar of the Shining One.
  5029 | D:5      | Found a hide-covered altar of Uskayaw.
  5193 | D:6      | Reached skill level 7 in Conjurations
  5195 | D:6      | Reached skill level 5 in Spellcasting
  5382 | D:6      | Reached skill level 8 in Conjurations
  5510 | D:6      | Reached skill level 1 in Hexes
  5510 | D:6      | Reached skill level 1 in Translocations
  5541 | D:6      | Reached XP level 8. HP: 34/41 MP: 9/15
  5956 | D:6      | Found Teptu's Antique Armour Shop.
  5976 | D:6      | Reached * piety under Vehumet
  5976 | D:6      | Offered knowledge of Foxfire by Vehumet.
  6036 | D:6      | Learned a level 3 spell: Dazzling Flash
  6216 | D:6      | Noticed Pikel
  6230 | D:6      | HP: 1/41 [Pikel/+2 whip of freezing (5)]
  6230 | D:6      | Slain by Pikel

Illustrated notes

Levels and vault maps discovered:
D:1:      ncdulo_watergridlock, layout_basic, shapermc_ecumenical_altar_gd,
          minmay_surrounded
D:2:      layout_rooms, dk_vineyard_3, grunt_ministairs_7,
          uniq_crazy_yiuf_cottage
D:3:      cheibrodos_greedy_goblins, layout_loops_ring, solitary_fountain
D:4:      layout_loops_ring, mainiacjoe_overflow_boulevard,
          minmay_temple_entry_nine_rooms, serial_shops, nicolae_take_the_stairs,
          kennysheep_small_square
D:5:      layout_rooms, mainiacjoe_overflow_big_doors, minmay_gold_behind_fungi,
          nrook_uturn
D:6:      layout_basic, serial_shops, nicolae_shop_crystal, serial_undead,
          serial_undead_c, serial_undead_e, serial_undead_a, serial_undead_a,
          roderic_serpentine_path, uniq_pikel
Temple:   eino_temple_scatter_basement

Skill      XL: |  1  2  3  4  5  6  7  8 |
---------------+-------------------------+-----
Stealth        | 3 |  3.0
Conjurations   | 5 6 8 |  8.8
Spellcasting   | 3 4 5 |  5.0
Hexes          | 1 2 |  2.5
Translocations | 1 2 |  2.5
Dodging        | |  1.5

Action                   |  1- 3 |  4- 6 |  7- 9 || total
-------------------------+-------+-------+-------++-------
Melee: Dagger            |    13 |     8 |     4 ||    25
       Club              |    11 |       |       ||    11
 Cast: Magic Dart        |    55 |    69 |    35 ||   159
       Searing Ray       |     3 |    35 |    26 ||    64
  Use: Potion            |       |     1 |       ||     1
       Scroll            |       |     7 |       ||     7
Armor: Robe              |    18 |    10 |     9 ||    37
Dodge: Dodged            |    22 |    22 |    40 ||    84

Table legend: (Time is in decaauts)
 A = Elapsed time spent in this place.
 B = Non-inter-level travel time spent in this place.
 C = Inter-level travel time spent in this place.
 D = Time resting spent in this place.
 E = Time spent auto-exploring this place.
 F = Levels seen in this place.
 G = Mean time per level.
                   A        B        C        D        E       F      G
               +--------+--------+--------+--------+--------+-----+--------+
         Total |   6230 |   6019 |    211 |   1574 |   3684 |   7 |  890.0 |
       Dungeon |   6067 |   5865 |    202 |   1574 |   3552 |   6 | 1011.2 |
        Temple |    162 |    153 |      9 |      0 |    132 |   1 |  162.0 |
               +--------+--------+--------+--------+--------+-----+--------+

Top non-repeatable levels by time:
     D:3: 1159 daAuts
     D:2: 1154 daAuts
     D:4: 1124 daAuts
     D:6: 1044 daAuts
     D:1: 927 daAuts
     D:5: 656 daAuts
  Temple: 162 daAuts
